 Dungeon Crawl Stone Soup version 0.28.0-53-g5a82cb258f (webtiles) character file.

Game seed: 5364643590784069275

2178 Koll24 the Covert (level 9, -1/52 HPs)
             Began as a Kobold Brigand on Aug 9, 2022.
             Succumbed to a cane toad's poison
             ... on level 2 of the Lair of Beasts on Aug 10, 2022.
             The game lasted 01:15:19 (6734 turns).

Koll24 the Covert (Kobold Brigand)                  Turns: 6734, Time: 01:15:20

Health: -1/52      AC:  8    Str: 14    XL:     9   Next: 58%
Magic:  12/12      EV: 18    Int: 13    God:
Gold:   304        SH:  0    Dex: 25    Spells: 11/12 levels left

rFire   . . .      SeeInvis .   w - +12 shortbow of the Ghost {freeze, Str+4 Dex+7}
rCold   . . .      Faith    .   (shield currently unavailable)
rNeg    . . .      Spirit   +   b - +0 robe
rPois   .          Reflect  .   I - +0 helmet
rElec   .          Harm     .   c - +0 cloak
rCorr   .          Rampage  .   (no gloves)
Will    .....                   (no boots)
Stlth   ++++++....              E - amulet of guardian spirit
HPRegen 0.17/turn               L - +4 ring of protection
MPRegen 0.13/turn               (no ring)

@: lethally poisoned (-1 -> -12)
A: small, no large weapons, nightstalker 3
a: no special abilities


You were on level 2 of the Lair of Beasts.
You visited 2 branches of the dungeon, and saw 8 of its levels.

You collected 304 gold pieces.

Inventory:

Hand Weapons
 a - a +2 dagger
 g - a +0 spear
 s - a +0 trident
 w - the +12 shortbow of the Ghost (weapon) {freeze, Str+4 Dex+7}
   (You found it on level 3 of the Dungeon)

   Any ammunition fired from it freezes those it strikes, dealing additional
   cold damage.
   It can also slow down cold-blooded creatures.
   Str:       It affects your strength (+4).
   Dex:       It affects your dexterity (+7).
 H - a +1 dagger of freezing
Missiles
 d - 17 poisoned darts
 e - 2 curare-tipped darts
 h - 51 sling bullets
 i - 66 arrows (quivered ammo)
Armour
 b - a +0 robe (worn)
 c - a +0 cloak (worn)
 f - a +0 robe
 m - a +0 robe
 n - a +0 ring mail
 p - a +0 robe
 q - a +0 leather armour
 r - a +0 robe
 t - a +0 scale mail
 y - an orb of energy
 A - a +0 robe
 I - a +0 helmet (worn)
Magical Staves
 v - a staff of poison
Jewellery
 E - an amulet of guardian spirit (around neck)
 F - an amulet of magic regeneration
 L - a +4 ring of protection (left hand)
Wands
 z - a wand of flame (7)
 J - a wand of iceblast (4)
Scrolls
 k - 2 scrolls of noise
 x - 2 scrolls of amnesia
 B - 2 scrolls of acquirement
 G - a scroll of immolation {unknown}
 K - a scroll of teleportation {unknown}
Potions
 j - a potion of resistance {unknown}
 l - a potion of brilliance
 o - a potion of might
 u - a potion of cancellation


   Skills:
 + Level 4.5 Fighting
 + Level 4.8 Short Blades
 + Level 6.6 Bows
 + Level 2.1 Throwing
 + Level 4.4 Dodging
 + Level 10.7 Stealth
 + Level 2.2 Spellcasting
 + Level 2.0 Transmutations
 + Level 2.1 Poison Magic
 + Level 0.5 Evocations


You had 11 spell levels left.
You knew the following spells:

 Your Spells              Type           Power      Damage    Failure   Level
a - Sting                 Tmut/Pois      24%        1d4       11%         1

Your spell library contained the following spells:

 Spells                   Type           Power      Damage    Failure   Level
 Poisonous Vapours        Pois/Air       8%         N/A       24%         2
 Inner Flame              Hex/Fire       1%         N/A       58%         3
 Portal Projectile        Hex/Tloc       2%         N/A       58%         3
 Olgreb's Toxic Radiance  Pois           7%         N/A       69%         4
 Cause Fear               Hex            0%         N/A       94%         4
 Blade Hands              Tmut           3%         N/A       96%         5
 Excruciating Wounds      Necr           0%         N/A       100%        5
 Discord                  Hex            0%         N/A       100%        8


Dungeon Overview and Level Annotations

Branches:
Dungeon (8/15)               Lair (2/6) D:8
 Temple: D:4-7        Swamp: Lair:2-4    Shoals: Lair:2-4     Snake: Lair:2-4
 Spider: Lair:2-4

Altars:
Kikubaaqudgha
Nemelex Xobeh
Ru
Trog
Zin

Shops:
D:1 :

Annotations:
Lair:2 Urug


Innate Abilities, Weirdness & Mutations

You are small and have problems with some larger weapons.
You are completely attuned to the shadows.


Message History

The cane toad is moderately wounded.
The cane toad misses you.
Fire: 70 arrows
Press: ? - help, Q - select action, (/) - cycle Shift-Dir - straight line, f/p - cane toad
Aim: a cane toad (moderately wounded, slow, 78% to hit)
You shoot an arrow. The arrow hits the cane toad!
The cane toad seems to slow down.
The arrow freezes the cane toad.
The cane toad is severely wounded.
The cane toad completely misses you.
Fire: 69 arrows
Press: ? - help, Q - select action, (/) - cycle Shift-Dir - straight line, f/p - cane toad
Aim: a cane toad (severely wounded, slow, 78% to hit)
You shoot an arrow. The arrow hits the cane toad.
The cane toad seems to slow down.
The arrow freezes the cane toad.
The cane toad is almost dead.
Urug misses you. The cane toad stings you!
Fire: 68 arrows
Press: ? - help, Q - select action, (/) - cycle Shift-Dir - straight line, f/p - cane toad
Aim: a cane toad (almost dead, slow, 78% to hit)
You shoot an arrow. The arrow closely misses the cane toad.
Urug hits you with a +7 double sword of holy wrath!!
Fire: 67 arrows
Press: ? - help, Q - select action, (/) - cycle Shift-Dir - straight line, f/p - cane toad
Aim: a cane toad (almost dead, slow, 78% to hit)
You shoot an arrow. The arrow barely misses the cane toad.
The cane toad stings you!!
* * * LOW HITPOINT WARNING * * *
You are lethally poisoned!
The cane toad poisons you! Urug barely misses you.
It was a potion of magic.
Magic courses through your body.
* * * LOW HITPOINT WARNING * * *
You feel very sick. The cane toad barely misses you. Urug misses you.
As you read the scroll labelled SIGIRI VYFAESAX, it crumbles to dust.
It is a scroll of brand weapon.
Your +1 dagger of venom is covered with a thin layer of ice!
H - a +1 dagger of freezing You die...

#+.. ....####
.....+..##########
.......P.#.#.#.#.###
(.....#..............
...[...#.###.#.###.##
......#### ##### ###
...Fo.# ....@.#
......# ###.### ##


You could see Urug and a cane toad (slow).

Vanquished Creatures
  6 blink frogs (Lair:2)
  2 water moccasins (Lair:1)
  An orc warrior (D:4)
  A sky beast (D:4)
  A black bear (Lair:2)
  3 bullfrogs
  2 bullfrog zombies
  A centaur zombie (D:8)
  A hound (D:4)
  A jelly (D:4)
  Terence (D:3)
  Natasha (thrice) (D:3)
  An orc wizard (D:8)
  A killer bee zombie (D:8)
  3 gnolls (D:8)
  A howler monkey skeleton (D:4)
  2 adders
  2 worms (D:2)
  A dart slug (D:4)
  12 orcs
  5 bats
  4 endoplasms
  2 giant cockroaches
  6 goblins
  3 hobgoblins
  4 jackals (D:1)
  13 kobolds
  4 quokkas
  11 ball pythons
  3 frilled lizards (D:1)
  4 rats
105 creatures vanquished.

Vanquished Creatures (others)
  11 fungi
  11 plants
22 creatures vanquished.

Grand Total: 127 creatures vanquished

Notes
Turn   | Place    | Note
-------+----------+-------------------------------------------
     0 | D:1      | Koll24 the Kobold Brigand began the quest for the Orb.
     0 | D:1      | Reached XP level 1. HP: 12/12 MP: 1/1
    99 | D:1      | Found Haliu's Book Emporium.
   198 | D:1      | Reached XP level 2. HP: 16/17 MP: 2/2
   222 | D:1      | Reached skill level 6 in Stealth
   491 | D:1      | Reached XP level 3. HP: 13/22 MP: 3/3
  1232 | D:2      | Learned a level 1 spell: Sting
  1270 | D:2      | Found a faded altar of an unknown god.
  1513 | D:2      | Reached XP level 4. HP: 16/27 MP: 4/4
  2349 | D:3      | Reached skill level 7 in Stealth
  2358 | D:3      | Noticed Natasha
  2360 | D:3      | Killed Natasha
  2516 | D:3      | Noticed Terence
  2562 | D:3      | Killed Terence
  2563 | D:3      | Reached XP level 5. HP: 31/31 MP: 5/5
  3212 | D:3      | Noticed Natasha
  3251 | D:3      | Found a glowing silver altar of Zin.
  3817 | D:3      | Killed Natasha
  3818 | D:3      | Reached skill level 1 in Spellcasting
  3818 | D:3      | Reached XP level 6. HP: 20/36 MP: 5/7
  4046 | D:3      | Found a bloodstained altar of Trog.
  4096 | D:3      | Identified the +12 shortbow of the Ghost {freeze, Str+4
                  | Dex+7}
  4106 | D:3      | Noticed Natasha
  4373 | D:3      | Killed Natasha
  4481 | D:4      | Reached skill level 1 in Transmutations
  4511 | D:4      | Reached skill level 8 in Stealth
  4551 | D:4      | Reached skill level 1 in Poison Magic
  4755 | D:4      | Noticed a sky beast
  4761 | D:4      | Killed a sky beast
  4779 | D:4      | Reached skill level 1 in Bows
  4779 | D:4      | Reached XP level 7. HP: 40/40 MP: 9/9
  4828 | D:4      | Found a sparkling altar of Nemelex Xobeh.
  5289 | D:5      | Entered Level 5 of the Dungeon
  5297 | D:5      | You fall into a shaft and drop 3 floors!
  5301 | D:8      | Found a sacrificial altar of Ru.
  5408 | D:8      | Identified a scroll of acquirement
  5430 | D:8      | Found an ancient bone altar of Kikubaaqudgha.
  5876 | D:8      | Found a staircase to the Lair.
  5878 | D:8      | Reached XP level 8. HP: 46/46 MP: 11/11
  5899 | Lair:1   | Entered Level 1 of the Lair of Beasts
  5901 | Lair:1   | Reached skill level 9 in Stealth
  5906 | Lair:1   | Noticed a komodo dragon
  5907 | Lair:1   | Noticed a black mamba
  5945 | Lair:1   | Noticed a black mamba
  5998 | Lair:1   | Noticed a basilisk
  6007 | Lair:1   | Noticed a komodo dragon
  6165 | Lair:1   | Noticed a cane toad
  6206 | Lair:1   | Noticed a blink frog
  6207 | Lair:1   | Noticed a blink frog
  6209 | Lair:1   | Noticed a blink frog
  6275 | Lair:1   | Noticed a rime drake
  6286 | Lair:2   | Noticed a cane toad
  6331 | Lair:2   | Noticed a cane toad
  6371 | Lair:2   | Noticed a blink frog
  6415 | Lair:2   | Noticed a blink frog
  6422 | Lair:2   | Noticed a blink frog
  6422 | Lair:2   | Noticed a blink frog
  6424 | Lair:2   | Noticed a blink frog
  6439 | Lair:2   | Killed a blink frog
  6449 | Lair:2   | Killed a blink frog
  6450 | Lair:2   | Reached skill level 5 in Bows
  6450 | Lair:2   | Reached skill level 10 in Stealth
  6450 | Lair:2   | Reached XP level 9. HP: 13/52 MP: 1/12
  6453 | Lair:2   | Killed a blink frog
  6457 | Lair:2   | Killed a blink frog
  6460 | Lair:2   | Killed a blink frog
  6647 | Lair:2   | Noticed a blink frog
  6650 | Lair:2   | Killed a blink frog
  6725 | Lair:2   | Noticed Urug
  6733 | Lair:2   | HP: 1/52 [poisoned by a cane toad]
  6734 | Lair:2   | Succumbed to a cane toad's poison

Illustrated notes

Levels and vault maps discovered:
D:1:      psy_arrival_statuary, layout_loops_ring, serial_shops,
          nicolae_shop_trees
D:2:      layout_basic, basic_ecumenical_altar
D:3:      layout_basic, mainiacjoe_overflow_swirl, serial_co_window_serial,
          co_window_corner_a, co_window_paths_b, co_window_paths_a,
          co_window_paths_b, co_window_of_opportunity_a, co_window_paths_b,
          co_window_corner_a, co_window_corner_ca, co_window_unsneaky_path_d,
          co_window_corner_cb, co_window_cross_3, co_window_corner_b,
          co_window_broadway_c, glass_columns_b, glass_columns_b,
          glass_columns_a, glass_columns_c, uniq_terence, uniq_natasha
D:4:      layout_gridville, nemelex_diamond_rough_becter,
          nicolae_ossuary_entry_false_entrances
D:5:      layout_basic, serial_shops, shop, shop
D:8:      layout_basic, nicolae_ru_great_annihilating_truth,
          lemuel_doored_altar, lair_entry_dummy, st_stairs_6
Lair:1:   layout_hall_layers, grunt_megastairs_3, lemuel_fruit_fields,
          serial_bayou_shore_a
Lair:2:   layout_roguey, lemuel_old_faithful, uniq_urug

Skill      XL: |  1  2  3  4  5  6  7  8  9 |
---------------+----------------------------+-----
Stealth        | 6 7 8 10 | 10.7
Short Blades   | 3 4 |  4.8
Spellcasting   | 1 2 |  2.2
Transmutations | 1 2 |  2.0
Poison Magic   | 1 2 |  2.1
Dodging        | 2 3 4 |  4.4
Bows           | 1 2 5 6 |  6.6
Fighting       | 3 4 |  4.5
Throwing       | |  2.1
Evocations     | |  0.5

Action                   |  1- 3 |  4- 6 |  7- 9 || total
-------------------------+-------+-------+-------++-------
Melee: Dagger            |    88 |    75 |    30 ||   193
       Punch             |       |       |     1 ||     1
 Fire: Shortbow          |       |    18 |    62 ||    80
 Cast: Sting             |     2 |    14 |    10 ||    26
Evoke: Wand              |       |       |     3 ||     3
  Use: Potion            |       |     2 |     6 ||     8
       Scroll            |       |       |     8 ||     8
 Stab: Sleeping          |    19 |    14 |     8 ||    41
       Distracted        |     1 |       |       ||     1
       Invisible         |       |       |     1 ||     1
Armor: Robe              |     7 |     8 |    16 ||    31
Dodge: Dodged            |    41 |    36 |    95 ||   172
